 Dungeon Crawl Stone Soup version 0.30.0-20-g3615ddf2f0 (webtiles) character file.

Game seed: 2189594650634652096

314 qw the Chopper (level 6, -1/39 HPs)
             Began as a Gargoyle Fighter on June 1, 2023.
             Slain by an iron imp (3 damage)
             ... summoned by Eustachio
             ... on level 4 of the Dungeon.
             The game lasted 00:01:50 (3321 turns).

qw the Chopper (Gargoyle Fighter)                   Turns: 3321, Time: 00:01:50

Health: -1/39      AC: 18    Str: 22    XL:     6   Next: 43%
Magic:  6/6        EV:  6    Int:  8    God:
Gold:   156        SH:  4    Dex:  9    Spells: 5/5 levels left

rFire   . . .        Y - +1 war axe (heavy)
rCold   . . .        c - +0 buckler
rNeg    + . .        e - +0 plate armour
rPois   inf          g - +1 helmet
rElec   +            (no cloak)
rCorr   .            (no gloves)
SInv    .            (no boots)
Will    .....        (no amulet) Stlth
                     (no ring)
HPRegen 0.26/turn    (no ring)
MPRegen 0.10/turn

%: no passive effects
@: no status effects
A: sickness immunity, AC +4, negative energy resistance 1, electricity
resistance, torment resistance 1, petrification resistance
a: no special abilities


You were on level 4 of the Dungeon.
You visited 1 branch of the dungeon, and saw 4 of its levels.

You collected 156 gold pieces.


Innate Abilities, Weirdness & Mutations

You are immune to sickness and miasma.
Your stone body is resilient. (AC +4)
You are immune to poison.
You resist negative energy. (rN+)
You are resistant to electric shocks. (rElec)
You are resistant to unholy torment.
You are immune to petrification.


   Skills:
 - Level 4.3 Fighting
 + Level 5.5 Axes
 - Level 3.2 Armour
 - Level 3.2 Shields


You had 5 spell levels left.
You didn't know any spells.
Your spell library was empty.

Inventory:

Hand Weapons
 b - a +0 whip
 Y - a +1 heavy war axe (weapon)
Armour
 c - a +0 buckler (worn)
 e - a +0 plate armour (worn)
 g - a +1 helmet (worn)
Scrolls
 a - a scroll of identify
Potions
 d - 5 potions of might
 f - a potion of mutation
 j - a potion of curing

Dungeon Overview and Level Annotations

Branches:
Dungeon (4/15)
 Temple: D:4-7

Altars:
Vehumet
Xom

Annotations:
D:4 Eustachio


Message History

The quasit barely misses you. You block Eustachio's attack.
The shadow imp barely misses you.
The quasit bites you but does no damage.
The quasit claws you but does no damage. x2
Eustachio hits you with a +0 falchion!
The shadow imp hits you but does no damage.
You hit Eustachio but do no damage.
Eustachio is almost dead.
You slash the quasit!
You kill the quasit!
The quasit disappears in a puff of smoke!
You closely miss the shadow imp.
Eustachio gestures wildly while chanting.
Eustachio blinks!
The shadow imp barely misses you.
Eustachio mumbles some strange words.
You hit the iron imp but do no damage. You barely miss the shadow imp.
The quasit disappears in a puff of smoke!
The shadow imp hits you but does no damage.
Eustachio casts a spell.
You block the shadow imp's attack.
The iron imp hits you but does no damage.
You closely miss Eustachio.
Eustachio is almost dead.
You slash the iron imp! You barely miss the shadow imp.
The shadow imp barely misses you.
Eustachio mumbles some strange words.
The iron imp hits you but does no damage.
The shadow imp hits you but does no damage.
You closely miss Eustachio.
Eustachio is almost dead.
You slash the bat!
You kill the bat!
The bat's corpse disappears in a puff of smoke!
You hit the iron imp. You slash the shadow imp!
Eustachio zaps a wand.
The puff of flame hits you but does no damage.
The crimson imp blinks!
The iron imp shouts, "Go and return not, thou feckless toot-wallowing measle!"
The iron imp hits you.
You die...

#######
##.....######
#.5.r.r.....##
##....r####..###
#..5¤@.¤......#
####.<¤@5#######.#
#.....¤..# ###
#.######## ####.#
###....#
..###)..####
...r))### ...@###
###.


You could see Eustachio, an iron imp (summoned), a crimson imp (summoned), a
river rat (summoned), a shadow imp (summoned), a quokka (summoned) and a rat
(summoned).

Vanquished Creatures
  4 crimson imps (D:3)
  A statue (D:3)
  Robin (D:4)
  6 adders
  3 dart slugs
  An orc (D:3)
  4 ball pythons
  2 bats
  6 endoplasms
  4 giant cockroaches
  14 goblins
  8 hobgoblins
  6 jackals
  3 quokkas
  10 frilled lizards
  4 kobolds
  7 rats
84 creatures vanquished.

Notes
Turn   | Place    | Note
-------+----------+-------------------------------------------
     0 | D:1      | qw the Gargoyle Fighter began the quest for the Orb.
     0 | D:1      | Reached XP level 1. HP: 14/14 MP: 1/1
     0 | D:1      | 0 ||| qw: Version: 0.2-a-102-gdf20003
     0 | D:1      | 0 ||| qw: Game counter: 733
     0 | D:1      | 0 ||| qw: Always use a shield: true
     0 | D:1      | 0 ||| qw: God list: Okawaru
     0 | D:1      | 0 ||| qw: Allow faded altars: false
     0 | D:1      | 0 ||| qw: Do Orc after D:15 true
     0 | D:1      | 0 ||| qw: Do second Lair branch before Depths: true
     0 | D:1      | 0 ||| qw: Lair rune preference: random
     0 | D:1      | 0 ||| qw: Plans: Normal, Zot:1-4, Slime:5, God:TSO, Crypt,
                  | Tomb, Pan, Hells, Abyss, Win
     0 | D:1      | 0 ||| PLANNING D:1-11
    37 | D:1      | Reached skill level 2 in Axes
    96 | D:1      | Reached XP level 2. HP: 16/19 MP: 2/2
   131 | D:1      | 131 ||| Stepping ~*~*~tactically~*~*~ (hiding).
   132 | D:1      | 132 ||| Stepping ~*~*~tactically~*~*~ (hiding).
   135 | D:1      | 135 ||| Stepping ~*~*~tactically~*~*~ (hiding).
   356 | D:1      | Reached skill level 3 in Axes
   960 | D:1      | 960 ||| UPGRADING to +0 plate armour.
   970 | D:1      | 970 ||| DROPPING +0 scale mail.
   971 | D:1      | 971 ||| READING 2 scrolls labelled UCAD MOANAMMU.
   972 | D:1      | 972 ||| READING scroll labelled ZUCSOESECH.
   973 | D:1      | 973 ||| DRINKING 2 puce potions.
   981 | D:1      | 981 ||| DROPPING potion of ambrosia.
  1015 | D:2      | Reached XP level 3. HP: 23/23 MP: 3/3
  1062 | D:2      | 1062 ||| Stepping ~*~*~tactically~*~*~ (hiding).
  1095 | D:2      | 1095 ||| Stepping ~*~*~tactically~*~*~ (stealth).
  1098 | D:2      | 1098 ||| Stepping ~*~*~tactically~*~*~ (stealth).
  1191 | D:2      | 1191 ||| FLEEEEING.
  1192 | D:2      | 1192 ||| FLEEEEING.
  1194 | D:2      | 1194 ||| FLEEEEING.
  1330 | D:2      | Reached XP level 4. HP: 25/28 MP: 4/4
  1391 | D:2      | Reached skill level 4 in Axes
  1640 | D:2      | 1640 ||| Stepping ~*~*~tactically~*~*~ (hiding).
  1643 | D:2      | 1643 ||| Stepping ~*~*~tactically~*~*~ (hiding).
  1832 | D:2      | 1832 ||| SWAPPING to +1 heavy war axe.
  1833 | D:2      | 1833 ||| DROPPING +0 war axe.
  1975 | D:2      | 1975 ||| UPGRADING to +0 helmet.
  1980 | D:2      | 1980 ||| READING scroll labelled MALAT XYUHYFYO.
  1981 | D:2      | 1981 ||| READING 2 scrolls of identify.
  1981 | D:2      | 1981 ||| IDENTIFYING glowing green potion
  2073 | D:3      | Found a radiant altar of Vehumet.
  2073 | D:3      | Noticed a charred statue
  2074 | D:3      | 2074 ||| FLEEEEING.
  2108 | D:3      | 2108 ||| FLEEEEING.
  2142 | D:3      | 2142 ||| FLEEEEING.
  2143 | D:3      | 2143 ||| FLEEEEING.
  2144 | D:3      | 2144 ||| FLEEEEING.
  2180 | D:3      | Killed a charred statue
  2310 | D:3      | Reached XP level 5. HP: 32/32 MP: 5/5
  2412 | D:3      | 2412 ||| READING scroll of enchant armour.
  2412 | D:3      | 2412 ||| ENCHANTING +0 helmet.
  2520 | D:3      | Found a shimmering altar of Xom.
  2536 | D:3      | Reached skill level 5 in Axes
  2634 | D:3      | Reached XP level 6. HP: 39/39 MP: 6/6
  2663 | D:3      | 2663 ||| Stepping ~*~*~tactically~*~*~ (hiding).
  2979 | D:3      | 2979 ||| READING scroll labelled ZOATHROPNUE.
  3010 | D:3      | 3010 ||| READING scroll labelled HUSKOQO RYCICH.
  3011 | D:3      | 3011 ||| READING scroll labelled EKKYUL MUPHU.
  3016 | D:3      | 3016 ||| DRINKING 2 fizzy coppery potions.
  3017 | D:3      | 3017 ||| READING 4 scrolls of identify.
  3017 | D:3      | 3017 ||| IDENTIFYING fizzy ruby potion
  3018 | D:3      | 3018 ||| READING 3 scrolls of identify.
  3018 | D:3      | 3018 ||| IDENTIFYING murky orange potion
  3019 | D:3      | 3019 ||| READING 2 scrolls of identify.
  3019 | D:3      | 3019 ||| IDENTIFYING metallic orange potion
  3020 | D:3      | 3020 ||| DROPPING potion of brilliance.
  3021 | D:3      | 3021 ||| DROPPING potion of degeneration.
  3022 | D:3      | 3022 ||| DROPPING potion of berserk rage.
  3101 | D:4      | Noticed Eustachio
  3101 | D:4      | Noticed Robin
  3114 | D:4      | Killed Robin
  3127 | D:4      | HP: 5/39 [Eustachio/puff of flame (5)]
  3130 | D:4      | 3130 ||| FLEEEEING.
  3131 | D:4      | 3131 ||| FLEEEEING.
  3132 | D:4      | 3132 ||| FLEEEEING.
  3133 | D:4      | 3133 ||| FLEEEEING.
  3134 | D:4      | 3134 ||| FLEEEEING.
  3135 | D:4      | 3135 ||| FLEEEEING.
  3136 | D:4      | 3136 ||| FLEEEEING.
  3141 | D:4      | 3141 ||| STAIRDANCE
  3258 | D:3      | 3258 ||| READING scroll labelled UNAMITO ENNOTO.
  3277 | D:4      | 3277 ||| FLEEEEING.
  3278 | D:4      | 3278 ||| FLEEEEING.
  3279 | D:4      | 3279 ||| STAIRDANCE
  3315 | D:4      | HP: 9/39 [Eustachio/+0 falchion (2)]
  3317 | D:4      | HP: 1/39 [Eustachio/+0 falchion (9)]
  3321 | D:4      | Slain by an iron imp

Levels and vault maps discovered:
D:1:      giann_wishing_wells, layout_loops_ring, serial_forest,
          infiniplex_forest_corner_2, infiniplex_forest_clump_curved,
          infiniplex_forest_lined_3, infiniplex_forest_end_3
D:2:      layout_basic, grunt_ministairs_2, st_stairs_10
D:3:      layout_rooms, led_xom_imps, vehumet_statue, minivault_4,
          hangedman_decor_slide_cut, minmay_pentangle
D:4:      layout_rooms, nicolae_wu_jian_immortal_techniques, serial_shops,
          nicolae_shop_getting_attention, hangedman_decor_lopped,
          kennysheep_big_empty_room, chequers_serial_rivers_marsh,
          minmay_misc_feat_x, uniq_edmund, uniq_robin, uniq_eustachio

Skill      XL: |  1  2  3  4  5 |
---------------+----------------+-----
Axes           | 2 3 4 5 |  5.5
Fighting       | 4 |  4.3
Armour         | |  3.2
Shields        | |  3.2

Action                     |  1- 3 |  4- 6 || total
---------------------------+-------+-------++-------
  Melee: War axe           |   109 |   166 ||   275
    Use: Scroll            |     2 |    10 ||    12
         Potion            |     1 |     1 ||     2
 Armour: Scale mail        |    30 |       ||    30
         Plate armour      |    30 |   197 ||   227
  Dodge: Dodged            |    36 |    87 ||   123
  Block: Buckler           |    24 |    41 ||    65

Table legend:
 A = Non-vault XP
 B = Vault XP
 C = Vault XP percentage of total XP
 D = Non-vault monster count
 E = Vault monster count
 F = Vault count percentage of total count
                 A         B        C        D         E       F
            +---------+---------+-------+---------+---------+-------
      Total |     148 |     301 |  67.0 |      57 |      27 |  32.1
            +---------+---------+-------+---------+---------+-------
        D:1 |      33 |       0 |   0.0 |      18 |       0 |   0.0
        D:2 |      64 |      20 |  23.8 |      17 |       5 |  22.7
        D:3 |      51 |     249 |  83.0 |      22 |      11 |  33.3
        D:4 |       0 |      32 | 100.0 |       0 |      11 | 100.0
            +---------+---------+-------+---------+---------+-------
